 Dungeon Crawl Stone Soup version 0.29-a0-378-gc08b2e8bf8 (webtiles) character file.

Game seed: 11838770447024276416

2125 purpskrrrp the Skirmisher (level 9, 0/68 HPs)
             Began as a Formicid Abyssal Knight on May 4, 2022.
             Was a Priest of Lugonu.
             Slain by an ice beast (8 damage)
             ... on level 7 of the Dungeon.
             The game lasted 01:20:16 (10392 turns).

purpskrrrp the Skirmisher (FoAK)                   Turns: 10392, Time: 01:20:16

Health: 0/68       AC:  6    Str: 22    XL:     9   Next: 54%
Magic:  11/11      EV: 12    Int: 12    God:    Lugonu [***...]
Gold:   407        SH: 10    Dex: 17    Spells: 8/8 levels left

rFire   + . .      SeeInvis +   i - +3 quarterstaff (chaos)
rCold   . . .      Faith    .   z - +0 kite shield
rNeg    . . .      Spirit   .   p - +1 robe "Cakuwkiteu" {rF+ Int+2 Stlth+}
rPois   +          Reflect  .   (helmet unavailable)
rElec   .          Harm     .   d - +2 cloak
rCorr   .          Rampage  .   (no gloves)
Will    .....                   (no boots)
Stlth   ++++......              (no amulet)
HPRegen 0.21/turn               l - ring of poison resistance
MPRegen 0.12/turn               q - +6 ring of dexterity

@: no status effects
A: permanent stasis, dig shafts and tunnels, antennae 3, four strong arms
a: Dig, Shaft Self, Renounce Religion, Depart the Abyss, Bend Space, Banish


You were on level 7 of the Dungeon.
You worshipped Lugonu.
Lugonu was most pleased with you.
You visited 2 branches of the dungeon, and saw 8 of its levels.
You visited the Abyss 2 times.

You collected 407 gold pieces.

Inventory:

Hand Weapons
 a - a +2 falchion
 h - a +3 vampiric short sword
 i - a +3 quarterstaff of chaos (weapon)
 o - a +0 club
 r - a +0 morningstar
 t - a +0 giant club
Missiles
 k - 65 stones
 s - a boomerang
 w - 2 curare-tipped darts
Armour
 b - a +0 leather armour
 c - a +0 ring mail
 d - a +2 cloak (worn)
 j - a +1 chain mail of cold resistance
 m - a +0 cloak
 p - the +1 robe "Cakuwkiteu" (worn) {rF+ Int+2 Stlth+}
   (You found it on level 2 of the Dungeon)

   Int:       It affects your intelligence (+2).
   rF:        It protects you from fire.
   Stlth:     It makes you more stealthy.
 u - an orb of wrath
 v - a +2 cloak
 z - a +0 kite shield (worn)
Jewellery
 l - a ring of poison resistance (left hand)
 q - a +6 ring of dexterity (right hand)
Wands
 D - a wand of flame (42)
 J - a wand of charming (10)
Scrolls
 e - a scroll of silence
 g - 2 scrolls of immolation
 x - a scroll of noise
 y - 3 scrolls of blinking
 C - a scroll of teleportation
 G - a scroll of amnesia
 H - a scroll of identify
Potions
 f - a potion of magic
 n - 2 potions of brilliance
 A - a potion of degeneration (quivered)
 B - 2 potions of cancellation
 E - a potion of berserk rage {unknown}
 F - a potion of flight {unknown}


   Skills:
 + Level 5.4 Fighting
 + Level 5.0(5.2) Short Blades
 + Level 2.3(4.0) Long Blades
 + Level 4.7 Staves
 + Level 1.7 Throwing
 + Level 4.0 Armour
 + Level 4.1 Dodging
 + Level 5.4 Stealth
 + Level 4.5 Shields
 + Level 2.7 Invocations
 + Level 1.0 Evocations


You had 8 spell levels left.
You didn't know any spells.
Your spell library contained the following spells:

 Spells                   Type           Power      Damage    Failure   Level
 Static Discharge         Conj/Air       0%         N/A       75%         2
 Dispel Undead            Necr           0%         3d6       100%        4
 Sticky Flame             Conj/Fire      0%         2d3       100%        4


Dungeon Overview and Level Annotations

Branches:
Dungeon (7/15)             Temple (1/1) D:6

Altars:
Ashenzari
Cheibriados
Dithmenos
Elyvilon
Fedhas
Gozag
Hepliaklqana
Kikubaaqudgha
Makhleb
Nemelex Xobeh
Okawaru
Qazlal
Ru
Sif Muna
Trog
Uskayaw
Vehumet
Wu Jian
Xom
Yredelemnul
Zin
The Shining One

Shops:
D:6 *

Annotations:
D:4 Edmund


Innate Abilities, Weirdness & Mutations

You cannot be hasted, slowed, berserked, paralysed or teleported.
You can dig through walls and to a lower floor.
You have a pair of large antennae on your head. (SInv)
Your four strong arms can wield two-handed weapons with a shield.


Message History

The iguana bites you!
You sock the iguana!
You kill the iguana!
Lugonu accepts your kill.
You hit the ice beast.
The ice beast is lightly wounded.
The ice beast hits you. The ice beast freezes you!
The ice beast barely misses you.
You hit the ice beast.
The ice beast seems to speed up.
The ice beast is lightly wounded.
You block the ice beast's attack. The ice beast hits you.
The ice beast freezes you!
You completely miss the ice beast.
The ice beast is lightly wounded.
The ice beast closely misses you.
You completely miss the ice beast.
The ice beast is lightly wounded.
You block the ice beast's attack.
The ice beast hits you but does no damage.
You hit the ice beast.
The ice beast seems to grow stronger.
The ice beast is moderately wounded.
The ice beast hits you. The ice beast freezes you.
The ice beast barely misses you.
You hit the ice beast but do no damage. You drain the ice beast.
The ice beast is moderately wounded.
The ice beast hits you but does no damage.
You block the ice beast's attack.
You sock the ice beast!
The ice beast is heavily wounded.
The ice beast hits you.
* * * LOW HITPOINT WARNING * * *
The ice beast freezes you!
* * * LOW HITPOINT WARNING * * *
You barely miss the ice beast.
The ice beast is heavily wounded.
The ice beast hits you but does no damage.
The ice beast hits you.
* * * LOW HITPOINT WARNING * * *
The ice beast freezes you!
You die...

*,**#....≈.§§≈§...#..#
*,,,##...≈≈§.§....'..#
*,,**#.....§......#..#
*,,*,##...........#..#
*,,#,###.........##).###########
*,,#.#.###......##....)).......#
*,,#..,..########....#########.#
*e.#...##.###........# *.#
*.......e.......@##### *.#
*.......#.#.#...Y########* *.#
*.......#.#.#............* *.#
*.........#.#............*****.#*
,..#....###..............+,,,,.#,
,........####............*******,
,.##........#...#........* *,,,,,
,>.......##+###.#........***,***,
,##Y#........##.#........+,,,* **


You could see an ice beast (fast, strong, drained).

Vanquished Creatures
  Menkaure (D:4)
  Duvessa (D:7)
  An acid dragon (D:6)
  A black bear (D:6)
  2 ice beasts (D:7)
  3 ogres
  A centaur (D:7)
  2 phantoms
  3 scorpions
  A bullfrog (D:7)
  Dowan (D:7)
  5 hounds
  An orc priest (D:7)
  Crazy Yiuf (D:4)
  A jelly (D:5)
  7 iguanas
  4 orc wizards
  6 adders
  7 gnolls
  A white imp (D:6)
  An ufetubus (D:4)
  A worm (D:3)
  5 dart slugs
  10 orcs
  6 endoplasms
  A giant cockroach (D:4)
  11 goblins
  8 hobgoblins
  2 jackals (D:5)
  7 kobolds
  3 quokkas
  4 ball pythons
  4 bats
  A frilled lizard (D:3)
  3 rats
  A butterfly (D:3)
118 creatures vanquished.

Vanquished Creatures (others)
  2 plants (D:2)
2 creatures vanquished.

Grand Total: 120 creatures vanquished

Notes
Turn   | Place    | Note
-------+----------+-------------------------------------------
     0 | Abyss:1  | purpskrrrp the Formicid Abyssal Knight began the quest for
                  | the Orb.
     0 | Abyss:1  | Reached XP level 1. HP: 18/18 MP: 2/2
     0 | D:1      | Escaped the Abyss
   265 | D:1      | Reached XP level 2. HP: 24/24 MP: 3/3
  1476 | D:2      | Reached skill level 1 in Dodging
  1476 | D:2      | Reached XP level 3. HP: 29/29 MP: 4/4
  1493 | D:2      | Reached ** piety under Lugonu
  2041 | D:2      | Reached XP level 4. HP: 22/37 MP: 5/5
  2292 | D:2      | Identified the +1 robe "Cakuwkiteu" {rF+ Int+2 Stlth+}
  2363 | D:2      | Found a faded altar of an unknown god.
  2952 | D:3      | Reached skill level 1 in Short Blades
  2952 | D:3      | Reached XP level 5. HP: 35/42 MP: 6/6
  2953 | D:3      | Reached skill level 1 in Stealth
  3064 | D:3      | Noticed an ogre
  3396 | D:3      | Killed an ogre
  3397 | D:3      | Reached XP level 6. HP: 25/48 MP: 7/7
  3620 | D:3      | Found a snail-covered altar of Cheibriados.
  4236 | D:4      | Noticed Menkaure
  4249 | D:4      | Killed Menkaure
  4250 | D:4      | Reached XP level 7. HP: 46/54 MP: 8/8
  5055 | D:4      | Found a runed translucent door.
  5056 | D:4      | Noticed Crazy Yiuf
  5381 | D:4      | Cast into level 1 of the Abyss (Crazy Yiuf)
  5418 | Abyss:1  | Found a corrupted altar of Lugonu.
  5450 | Abyss:1  | Noticed a glowing orange brain
  5452 | D:4      | Escaped the Abyss
  5599 | D:5      | Entered Level 5 of the Dungeon
  5625 | D:5      | Noticed Edmund
  5709 | D:5      | Reached skill level 1 in Shields
  5917 | D:5      | Reached XP level 8. HP: 51/61 MP: 9/9
  7075 | D:4      | Killed Crazy Yiuf
  7938 | D:5      | You fall into a shaft and drop 1 floor!
  8413 | D:6      | Reached skill level 5 in Short Blades
  8421 | D:6      | Reached skill level 1 in Staves
  8721 | D:6      | Found Roschahiad's General Store.
  8763 | D:7      | Noticed Dowan
  9057 | D:6      | Found a staircase to the Ecumenical Temple.
  9098 | Temple   | Entered the Ecumenical Temple
  9286 | D:6      | Reached skill level 5 in Fighting
  9286 | D:6      | Reached XP level 9. HP: 68/68 MP: 11/11
  9800 | D:7      | Reached skill level 5 in Stealth
  9955 | D:7      | Reached skill level 1 in Throwing
 10049 | D:7      | Reached *** piety under Lugonu
 10312 | D:7      | Noticed Duvessa
 10349 | D:7      | Killed Dowan
 10350 | D:7      | Killed Duvessa
 10351 | D:7      | Reached skill level 1 in Evocations
 10392 | D:7      | Slain by an ice beast

Illustrated notes

Levels and vault maps discovered:
D:1:      ncdulo_lavacross, layout_basic, minmay_misc_feat_more_columns,
          interstate_on_off
D:2:      layout_loops_corners, shapermc_ecumenical_altar_mp_ritualfount,
          kennysheep_generic_room_10
D:3:      layout_loops_cross, kennysheep_slug_shrine, serial_aquarium,
          aquarium_bridge_square [aquarium_subvault_wall,
          aquarium_subvault_wall, aquarium_subvault_wall,
          aquarium_subvault_bridge], aquarium_bridge_square
          [aquarium_subvault_balcony, aquarium_subvault_bridge,
          aquarium_subvault_window, aquarium_subvault_bridge],
          aquarium_window_1, aquarium_window_fake, aquarium_window_1,
          aquarium_view_2c
D:4:      layout_loops_ring, kennysheep_generic_room_9, uniq_crazy_yiuf_cottage,
          uniq_menkaure
D:5:      layout_cave_pods, grunt_decor_one_mirror, uniq_edmund
D:6:      layout_loops_cross, minmay_temple_entry_slanted, serial_shops, shop
D:7:      layout_basic, enter_bailey_3, kennysheep_potato, uniq_duvessa,
          uniq_joseph
Temple:   grunt_wide_crystal_templ

Skill      XL: |  1  2  3  4  5  6  7  8  9 |
---------------+----------------------------+-----
Dodging        | 1 2 3 4 |  4.1
Armour         | 3 4 |  4.0
Short Blades   | 1 2 3 4 5 |  5.0
Stealth        | 2 3 4 5 |  5.4
Fighting       | 4 5 |  5.4
Shields        | 1 3 4 |  4.5
Staves         | 3 4 |  4.7
Throwing       | 1 |  1.7
Evocations     | 1 |  1.0
Long Blades    | |  2.3
Invocations    | |  2.7

Action                   |  1- 3 |  4- 6 |  7- 9 || total
-------------------------+-------+-------+-------++-------
Melee: Falchion          |    35 |       |       ||    35
       Short sword       |    44 |   179 |   183 ||   406
       Punch             |     1 |     1 |       ||     2
       Quarterstaff      |       |       |   129 ||   129
Throw: Boomerang         |       |     1 |       ||     1
       Dart              |       |       |    11 ||    11
       Throwing net      |       |       |     3 ||     3
Invok: Depart the Abyss  |     1 |       |     1 ||     2
       Bend Space        |       |       |     1 ||     1
 Abil: Dig               |     1 |     5 |     1 ||     7
Evoke: Wand              |       |     6 |    12 ||    18
  Use: Scroll            |     5 |     1 |    13 ||    19
       Potion            |       |     1 |     6 ||     7
 Stab: Sleeping          |       |     4 |     8 ||    12
       Distracted        |       |       |     1 ||     1
       Held in net/web   |       |       |     2 ||     2
Armor: Ring mail         |    40 |       |       ||    40
       Robe              |       |    28 |    78 ||   106
       Skin              |       |     4 |     1 ||     5
Dodge: Dodged            |    38 |    64 |   146 ||   248
Block: Kite shield       |       |       |   131 ||   131

Table legend: (Time is in decaauts)
 A = Elapsed time spent in this place.
 B = Non-inter-level travel time spent in this place.
 C = Inter-level travel time spent in this place.
 D = Time resting spent in this place.
 E = Time spent auto-exploring this place.
 F = Levels seen in this place.
 G = Mean time per level.
                   A        B        C        D        E       F      G
               +--------+--------+--------+--------+--------+-----+--------+
         Total |  10460 |   7949 |   2511 |   2502 |   3619 |  10 | 1046.0 |
       Dungeon |  10310 |   7822 |   2488 |   2468 |   3577 |   7 | 1472.9 |
        Temple |     78 |     55 |     23 |      0 |     37 |   1 |   78.0 |
         Abyss |     70 |     70 |      0 |     34 |      5 |   2 |   35.0 |
               +--------+--------+--------+--------+--------+-----+--------+

Top non-repeatable levels by time:
     D:4: 2388 daAuts
     D:2: 1708 daAuts
     D:3: 1579 daAuts
     D:1: 1481 daAuts
     D:6: 1150 daAuts
     D:5: 1085 daAuts
     D:7: 917 daAuts
  Temple: 78 daAuts
 Abyss:1: 70 daAuts
